Map: Vigía EE

Players

TATORREA - Winner!

  • Race: Protoss Protoss
  • League: Silver
  • Spawn Location: 9:00

tigro - Winner!

  • Race: Terran Terran
  • League: Bronze
  • Spawn Location: 12:00

MrFercho - Winner!

  • Race: Zerg Zerg
  • League: Silver
  • Spawn Location: 9:00

OperadorX

  • Race: Terran Terran
  • League: Bronze
  • Spawn Location: 5:00

Edgar

  • Race: Protoss Protoss
  • Spawn Location: 6:00

Cuachic

  • Race: Terran Terran
  • Spawn Location: 5:00

VOD

Have the link to the VOD?

Description

Time

  • Played on: June 3, 2020, 10:45 p.m.
  • Length: 4:29
Show
View Real Time Build Order
Export as new Build Order

TATORREA Protoss - Winner!

Build Orders: Cannon Rush 

Get SALT Encoding   

  12  0:01  Probe  
  13  0:20  Pylon  
  13  0:24  Probe  
  14  0:40  Forge  
  14  0:50  Gateway  
  14  1:10  Pylon  
  14  1:30  Photon Cannon  
  14  1:32  Photon Cannon  
  14  1:34  Photon Cannon  
  14  1:53  Pylon  
  14  2:07  Photon Cannon  
  14  2:09  Photon Cannon  
  14  2:20  Photon Cannon  
  14  2:33  Pylon  
  14  2:54  Photon Cannon  
  14  2:56  Photon Cannon  
  14  3:08  Probe  
  15  3:19  Pylon  
  15  3:25  Photon Cannon  
  15  3:37  Pylon  
  15  3:46  Pylon  
  15  3:59  Photon Cannon  
  15  4:02  Photon Cannon  
  15  4:06  Probe  
Show
View Real Time Build Order
Export as new Build Order

tigro Terran - Winner!

Build Orders:  

Get SALT Encoding   

  12  0:03  SCV  
  13  0:15  SCV  
  14  0:24  Supply Depot  
  14  0:37  Refinery  
  14  0:38  SCV  
  15  0:50  SCV  
  16  0:59  Barracks  
  16  1:02  SCV  
  17  1:11  Refinery  
  17  1:14  SCV  
  18  1:23  Supply Depot  
  18  1:27  SCV  
  19  1:39  SCV  
  20  1:50  Marine  
  21  2:00  SCV  
  22  2:08  Marine  
  22  2:12  Barracks, SCV  
  24  2:24  SCV  
  24  2:26  Marine  
  24  2:27  Engineering Bay  
  26  2:41  SCV  
  26  2:44  Marine  
  28  3:01  Marine, Orbital Command  
  28  3:04  Barracks Tech Lab  
  29  3:25  Barracks Tech Lab  
  29  3:27  Command Center  
  29  3:39  Marine  
  30  3:49  Marine  
  31  3:57  Marine  
  32  4:04  Factory  
  32  4:07  Marine  
Show
View Real Time Build Order
Export as new Build Order

MrFercho Zerg - Winner!

Build Orders: Pool First 

Get SALT Encoding   

  12  0:02  Drone  
  13  0:09  Drone  
  14  0:29  Spawning Pool, Drone  
  14  0:43  Extractor  
  14  0:44  Overlord  
  14  0:46  Drone  
  14  1:03  Drone x2  
  16  1:07  Drone  
  17  1:16  Queen  
  19  1:20  Zergling x2  
  20  1:34  Extractor, Drone  
  20  1:58  Drone x2  
  22  2:06  Overlord  
  22  2:08  Hatchery  
  22  2:11  Metabolic Boost  
  21  2:18  Drone  
  22  2:32  Zergling x2  
  22  2:33  Zergling x6  
  26  2:50  Evolution Chamber  
  25  3:00  Lair  
  25  3:08  Drone x3  
  28  3:24  Overlord  
  28  3:30  Drone x2  
  28  3:31  Drone x2  
  32  3:56  Drone x4  
  32  3:57  Drone  
  37  4:04  Extractor  
  37  4:06  Extractor  
  35  4:11  Drone x3  
Show
View Real Time Build Order
Export as new Build Order

OperadorX Terran 

Build Orders: Command Center First (CC) 

Get SALT Encoding   

  12  0:02  SCV  
  13  0:14  SCV  
  14  0:26  SCV  
  15  0:47  Command Center  
  15  0:59  Supply Depot  
  15  1:21  SCV  
  15  1:23  Refinery  
  16  1:33  SCV  
  17  1:45  SCV  
  18  1:56  Supply Depot  
  15  2:49  Barracks  
  15  2:54  Engineering Bay  
  15  2:56  SCV  
  16  3:01  Refinery  
  16  3:03  Refinery  
  16  3:08  SCV  
  17  3:20  SCV  
  17  3:25  Barracks  
  18  3:32  SCV  
  19  3:44  SCV  
Show
View Real Time Build Order
Export as new Build Order

Edgar Protoss 

Build Orders:  

Get SALT Encoding   

  12  0:02  Probe  
  13  0:16  Pylon  
  13  0:32  Probe  
  14  0:44  Probe  
  15  0:57  Probe  
  16  1:09  Probe  
  17  1:12  Nexus  
  17  1:21  Probe  
  18  1:26  Assimilator  
  18  1:29  Gateway  
  18  1:33  Probe  
  19  1:46  Pylon  
  19  2:00  Gateway  
  19  2:15  Gateway  
  19  2:20  Assimilator  
  19  2:50  Probe  
  17  3:02  Probe  
  16  3:14  Probe  
  17  3:26  Probe  
  17  3:39  Probe  
  18  4:01  Nexus  
Show
View Real Time Build Order
Export as new Build Order

Cuachic Terran 

Build Orders:  

Get SALT Encoding   

  12  0:01  SCV  
  13  0:13  SCV  
  14  0:20  Supply Depot  
  14  0:25  SCV  
  15  0:42  SCV  
  16  0:49  Barracks  
  16  0:54  SCV  
  17  1:01  Refinery  
  17  1:06  SCV  
  18  1:18  SCV  
  19  1:31  SCV  
  20  1:36  Refinery  
  20  1:44  Command Center  
  20  1:52  Barracks Reactor  
  20  1:56  SCV  
  21  2:08  SCV  
  21  2:09  Supply Depot  
  22  2:20  Factory  
  22  2:22  Orbital Command  
  22  2:36  Supply Depot  
  22  2:37  Marine x2  
  24  2:48  SCV  
  25  3:00  SCV  
  26  3:05  Factory Tech Lab  
  26  3:11  Starport  
  26  3:13  SCV  
  26  3:16  SCV  
  28  3:25  SCV  
  28  3:26  Siege Tank  
  32  3:28  SCV  
  33  3:37  SCV  
  34  3:49  SCV x2  
  36  4:01  SCV  
Tags
 
Add a new tag
Caveats
  • Supply blocks, unpowered buildings, or Contaminate may cause inaccurate times.
  • Supply counts are checked every 10 seconds.